 Dungeon Crawl Stone Soup version 0.31-a0-217-g58bb5d79cf (webtiles) character file.

Game seed: 9435551984641143447

228 qw the Shooter (level 6, -1/37 HPs)
             Began as a Gargoyle Hexslinger on July 2, 2023.
             Slain by Sigmund
             ... wielding a +0 scythe
              (8 damage)
             ... on level 4 of the Dungeon.
             The game lasted 00:00:52 (2183 turns).

qw the Shooter (Gargoyle Hexslinger)                Turns: 2183, Time: 00:00:53

Health: -1/37      AC: 10    Str: 11    XL:     6   Next: 2%
Magic:  7/7        EV: 10    Int: 10    God:
Gold:   143        SH:  0    Dex: 19    Spells: 6/7 levels left

rFire   . . .        b - +6 arbalest "Akomaepa" {elec, rElec Int-4 Dex+5}
rCold   . . .        (shield currently unavailable)
rNeg    + . .        f - +0 ring mail
rPois   inf          e - +0 helmet
rElec   +            (no cloak)
rCorr   .            (no gloves)
SInv    .            (no boots)
Will    .....        a - amulet of the acrobat
Stlth   +            (no ring)
HPRegen 0.26/turn    (no ring)
MPRegen 0.10/turn

%: acrobat
@: no status effects
A: sickness immunity, AC +4, negative energy resistance 1, electricity
resistance, torment resistance 1, petrification resistance
a: no special abilities


You were on level 4 of the Dungeon.
You visited 1 branch of the dungeon, and saw 4 of its levels.

You collected 143 gold pieces.


Innate Abilities, Weirdness & Mutations

You are immune to sickness and miasma.
Your stone body is resilient. (AC +4)
You are immune to poison.
You resist negative energy. (rN+)
You are resistant to electric shocks. (rElec)
You are resistant to unholy torment.
You are immune to petrification.


   Skills:
 - Level 3.1 Fighting
 + Level 5.0 Ranged Weapons
 - Level 1.5 Armour
 - Level 1.5 Dodging
 - Level 1.0 Spellcasting
 - Level 2.6 Hexes


You had 6 spell levels left.
You knew the following spells:

 Your Spells              Type           Power      Damage    Failure   Level
a - Slow                  Hex            20%        N/A       26%         1

Your spell library contained the following spells:

 Spells                   Type           Power      Damage    Failure   Level
 Inner Flame              Hex/Fire       3%         N/A       80%         3
 Portal Projectile        Hex/Tloc       6%         N/A       80%         3
 Cause Fear               Hex            2%         N/A       95%         4

Inventory:

Hand Weapons
 b - the +6 arbalest "Akomaepa" (weapon) {elec, rElec Int-4 Dex+5}
   (You found it on level 2 of the Dungeon)

   Int:       It affects your intelligence (-4).
   Dex:       It affects your dexterity (+5).
   rElec:     It insulates you from electricity.
Armour
 e - a +0 helmet (worn)
 f - a +0 ring mail (worn)
Jewellery
 a - an amulet of the acrobat (around neck)
Scrolls
 c - a scroll of blinking {unknown}
 h - a scroll of enchant armour {unknown}
 i - 2 scrolls of identify
Potions
 d - a potion of attraction {unknown}
 g - 2 potions of heal wounds
 j - a potion of haste {unknown}

Dungeon Overview and Level Annotations

Branches:
Dungeon (4/15)
 Temple: D:4-7

Altars:
Cheibriados
The Shining One

Annotations:
D:4 Sigmund


Message History

Found a robe.
Enter note: Sigmund the Dreaded comes into view.
He is wielding a +0 scythe.
Sigmund shouts!
You hear a shout!
Enter note: You shoot a bolt.
The bolt closely misses Sigmund.
Sigmund casts a spell.
Sigmund flickers and vanishes!
Deactivating autopickup; reactivate with Ctrl-A.
An orc comes into view. It is wielding a +0 hand axe.
A puff of flame appears from out of thin air!
The puff of flame hits you but does no damage.
You shoot a bolt. The bolt barely misses the orc.
You are confused.
A goblin comes into view. It is wielding a +0 club.
The goblin shouts!
Something hits you! The orc misses you.
You feel less confused. The orc completely misses you.
You shoot a bolt. The bolt closely misses the goblin.
Something hits you but does no damage. The orc hits you but does no damage.
The goblin misses you. The goblin hits you but does no damage.
The orc closely misses you. Something hits you.
You shoot a bolt. The bolt closely misses the goblin.
The orc hits you with a +0 hand axe. The goblin hits you but does no damage.
Something hits you but does no damage.
You shoot a bolt. The bolt hits the goblin.
Lightning courses through the goblin!!
You kill the goblin!
The orc barely misses you. Something hits you. The orc closely misses you.
You shoot a bolt. The bolt hits the orc!!
You kill the orc!
Something hits you.
You shoot a bolt. Something hits you!
You shoot a bolt. Something hits you. x2
You shoot a bolt. Something hits you!
You die...

#........##.#.#
#........##.#.#
#........##...#
#####........###..#
#.......###### #..#####
#...(...# #.......
##.......# #....>..
.........# #.......
......)@.########.......
......)..#[.............
.....{...#..............
.........#....%.........
.#.......#..............
#......##..........####
#....[.##..........# #
#......##..........# #
#..........#


There were no monsters in sight!

Vanquished Creatures
  An iguana (D:4)
  Jessica (D:2)
  Ijyb (D:3)
  Robin (D:3)
  3 gnolls (D:3)
  An adder (D:3)
  2 worms (D:2)
  5 dart slugs
  An orc (D:4)
  5 endoplasms
  15 goblins
  9 hobgoblins
  3 jackals (D:2)
  4 quokkas
  5 ball pythons
  6 bats
  4 frilled lizards
  7 kobolds
  9 rats
83 creatures vanquished.

Notes
Turn   | Place    | Note
-------+----------+-------------------------------------------
     0 | D:1      | qw the Gargoyle Hexslinger began the quest for the Orb.
     0 | D:1      | Reached XP level 1. HP: 12/12 MP: 2/2
     0 | D:1      | 0 ||| qw: Version: 0.3-a-40-ge99b1a8
     0 | D:1      | 0 ||| qw: Game counter: 24
     0 | D:1      | 0 ||| qw: Melee chars always use a shield: true
     0 | D:1      | 0 ||| qw: God list: Okawaru
     0 | D:1      | 0 ||| qw: Allow faded altars: false
     0 | D:1      | 0 ||| qw: Do Orc after clearing Dungeon:15 true
     0 | D:1      | 0 ||| qw: Do second Lair branch before Depths: true
     0 | D:1      | 0 ||| qw: Lair rune preference: random
     0 | D:1      | 0 ||| qw: Goals: Normal
     0 | D:1      | 0 ||| PLANNING D:1-11
   115 | D:1      | Reached XP level 2. HP: 16/16 MP: 3/3
   275 | D:1      | Reached skill level 3 in Ranged Weapons
   374 | D:1      | Reached XP level 3. HP: 19/21 MP: 4/4
   574 | D:1      | 574 ||| Stepping ~*~*~tactically~*~*~ (outnumbered).
   893 | D:1      | 893 ||| UPGRADING to +0 leather armour.
   903 | D:1      | 903 ||| DROPPING +0 robe.
   904 | D:1      | 904 ||| READING scroll labelled JUISCH PA XYATWOCUE.
   905 | D:1      | 905 ||| READING scroll labelled QUYFOO RAUHAENK.
   906 | D:1      | 906 ||| READING scroll labelled ITHRIPH RUITYXEKK.
   907 | D:1      | 907 ||| READING scroll labelled JIUGGYGGAWK.
   911 | D:1      | 911 ||| DROPPING scroll of poison.
   984 | D:2      | Identified the +6 arbalest "Akomaepa" {elec, rElec Int-4
                  | Dex+5}
   986 | D:2      | 986 ||| SWAPPING to +6 arbalest "Akomaepa" {elec, rElec
                  | Int-4 Dex+5}.
   987 | D:2      | 987 ||| DROPPING +1 sling.
  1064 | D:2      | Found a faded altar of an unknown god.
  1114 | D:2      | Reached XP level 4. HP: 26/26 MP: 5/5
  1211 | D:2      | Reached skill level 4 in Ranged Weapons
  1251 | D:2      | Noticed Jessica
  1252 | D:2      | Killed Jessica
  1489 | D:2      | 1489 ||| UPGRADING to +0 ring mail.
  1499 | D:2      | 1499 ||| DROPPING +0 leather armour.
  1500 | D:2      | 1500 ||| DROPPING ring of wizardry.
  1501 | D:2      | 1501 ||| READING scroll labelled QYUC TUN POPT.
  1522 | D:2      | 1522 ||| READING scroll labelled MYRUOPR KEPN.
  1523 | D:2      | 1523 ||| READING scroll labelled VIROEFFACIA.
  1524 | D:2      | 1524 ||| DRINKING 2 brown potions.
  1564 | D:3      | Noticed Ijyb
  1573 | D:3      | Killed Ijyb
  1574 | D:3      | Reached skill level 1 in Armour
  1574 | D:3      | Reached XP level 5. HP: 24/30 MP: 6/6
  1630 | D:3      | Noticed Robin
  1631 | D:3      | 1631 ||| FLEEEEING.
  1696 | D:3      | Killed Robin
  1792 | D:3      | Reached skill level 5 in Ranged Weapons
  1819 | D:3      | Found a glowing golden altar of the Shining One.
  1937 | D:3      | Found a snail-covered altar of Cheibriados.
  2032 | D:3      | 2032 ||| UPGRADING to +0 helmet.
  2037 | D:3      | 2037 ||| DROPPING scarf of shadows.
  2038 | D:3      | 2038 ||| UPGRADING to amulet of the acrobat.
  2043 | D:3      | 2043 ||| READING scroll labelled WERRENWYWAT.
  2044 | D:3      | 2044 ||| READING scroll labelled WEPIOPPO HINK.
  2120 | D:4      | Reached skill level 3 in Fighting
  2120 | D:4      | Reached XP level 6. HP: 37/37 MP: 7/7
  2169 | D:4      | Noticed Sigmund
  2182 | D:4      | HP: 7/37 [something (3)]
  2183 | D:4      | Slain by Sigmund

Levels and vault maps discovered:
D:1:      spicycebolla_arrival_clurvy, layout_basic
D:2:      layout_basic, shapermc_ecumenical_altar_starsandcircs, uniq_jessica
D:3:      layout_rooms, mainiacjoe_overflow_alcove_4,
          mainiacjoe_overflow_six_doors_small, uniq_ijyb, uniq_robin
D:4:      layout_basic, uniq_sigmund

Skill      XL: |  1  2  3  4  5 |
---------------+----------------+-----
Ranged Weapons | 3 4 5 |  5.0
Fighting       | 2 3 |  3.1
Armour         | 1 |  1.5
Dodging        | |  1.5
Spellcasting   | |  1.0
Hexes          | |  2.6

Action                     |  1- 3 |  4- 6 || total
---------------------------+-------+-------++-------
   Fire: Sling             |    57 |       ||    57
         Arbalest          |    33 |    68 ||   101
    Use: Scroll            |     4 |     5 ||     9
         Potion            |       |     1 ||     1
 Armour: Robe              |     6 |       ||     6
         Leather armour    |     8 |     2 ||    10
         Ring mail         |       |    16 ||    16
  Dodge: Dodged            |    25 |    17 ||    42

Table legend:
 A = Non-vault XP
 B = Vault XP
 C = Vault XP percentage of total XP
 D = Non-vault monster count
 E = Vault monster count
 F = Vault count percentage of total count
                 A         B        C        D         E       F
            +---------+---------+-------+---------+---------+-------
      Total |     215 |     111 |  34.0 |      68 |      15 |  18.1
            +---------+---------+-------+---------+---------+-------
        D:1 |      51 |       0 |   0.0 |      30 |       0 |   0.0
        D:2 |      51 |      37 |  42.0 |      24 |       1 |   4.0
        D:3 |      67 |      74 |  52.5 |      10 |      14 |  58.3
        D:4 |      46 |       0 |   0.0 |       4 |       0 |   0.0
            +---------+---------+-------+---------+---------+-------
